 Dungeon Crawl Stone Soup version 0.30-a0-459-g9104f0fc43 (webtiles) character file.

Game seed: 12118500891334206120

2963 oldmanjim the Fighter (level 9, -28/85 HPs)
             Began as a Minotaur Fighter on Dec 15, 2022.
             Was an Elder of Qazlal.
             Annihilated by a boulder beetle (37 damage)
             ... on level 7 of the Dungeon.
             The game lasted 00:31:27 (5131 turns).

oldmanjim the Fighter (Minotaur Fighter)            Turns: 5131, Time: 00:31:27

Health: -28/85     AC: 22    Str: 25    XL:     9   Next: 52%
Magic:  10/10      EV: 10    Int:  5    God:    Qazlal [****..]
Gold:   302        SH: 13    Dex: 10    Spells: 8/8 levels left

rFire   . . .      SeeInvis .    a - +0 war axe
rCold   . . .      Faith    .    c - +2 buckler
rNeg    + . .      Spirit   .    I - +2 plate armour {rN+}
rPois   .          Reflect  .    (helmet restricted)
rElec   .          Harm     .    H - +0 cloak
rCorr   .          Rampage  .    m - +0 pair of gloves
Will    .....                    F - +0 pair of boots
Stlth   ..........               (no amulet)
HPRegen 0.34/turn                j - +4 ring of protection
MPRegen 0.12/turn                u - +4 ring of evasion

@: mighty, repel missiles
A: horns 2, retaliatory headbutt
a: Renounce Religion, Upheaval, Elemental Force


You were on level 7 of the Dungeon.
You worshipped Qazlal.
Qazlal was greatly pleased with you.
You visited 2 branches of the dungeon, and saw 8 of its levels.
You also visited: Sewer.

You collected 302 gold pieces.

Inventory:

Hand Weapons
 a - a +0 war axe (weapon)
 b - a +0 sling
 r - a +2 dagger of venom
Missiles
 n - 2 atropa-tipped darts
 p - 56 stones
 v - 30 poisoned darts (quivered)
Armour
 c - a +2 buckler (worn)
 m - a +0 pair of gloves (worn)
 o - a +0 kite shield
 F - a +0 pair of boots (worn)
 H - a +0 cloak (worn)
 I - a +2 plate armour of positive energy (worn)
Jewellery
 j - a +4 ring of protection (left hand)
 u - a +4 ring of evasion (right hand)
 C - a ring of protection from fire
 G - a ring of protection from fire
 J - a ring of willpower
Wands
 A - a wand of roots (10)
 B - a wand of digging (11)
Scrolls
 e - 2 scrolls of torment {unknown}
 g - 3 scrolls of fog {unknown}
 h - 3 scrolls of poison {unknown}
 k - 2 scrolls of magic mapping {unknown}
 l - 4 scrolls of teleportation
 s - 3 scrolls of identify {unknown}
 t - 3 scrolls of fear {unknown}
 y - 2 scrolls of blinking {unknown}
 z - a scroll of amnesia {unknown}
 D - 2 scrolls of enchant weapon {unknown}
Potions
 d - 2 potions of might
 f - 4 potions of berserk rage {unknown}
 i - 3 potions of lignification {unknown}
 q - a potion of resistance {unknown}
 w - a potion of cancellation {unknown}
 x - a potion of heal wounds {unknown}
 E - a potion of curing {unknown}


   Skills:
 + Level 10.1 Fighting
 + Level 9.6 Axes
 - Level 5.5 Armour
 + Level 7.6 Shields
 - Level 3.0 Invocations


You had 8 spell levels left.
You didn't know any spells.
Your spell library contained the following spells:

 Spells                   Type           Power      Damage    Failure   Level
 Freeze                   Ice            0%         1d3       100%        1
 Sandblast                Erth           0%         2d4       100%        1
 Passwall                 Tmut/Erth      0%         N/A       100%        2
 Frozen Ramparts          Ice            0%         1d1       100%        3
 Hailstorm                Conj/Ice       0%         3d3       100%        3
 Ignite Poison            Fire/Tmut/Pois 0%         N/A       100%        3
 Kindle Blastsparks       Fire/Tloc/Air  0%         2d10      100%        3
 Stone Arrow              Conj/Erth      0%         3d7       100%        3
 Freezing Cloud           Conj/Ice/Air   0%         6-21      100%        5


Dungeon Overview and Level Annotations

Branches:
Dungeon (7/15)             Temple (1/1) D:4           Sewer (visited)

Altars:
Ashenzari
Cheibriados
Dithmenos
Elyvilon
Gozag
Kikubaaqudgha
Nemelex Xobeh
Okawaru
Qazlal
Ru
Sif Muna
Trog
Uskayaw
Vehumet
Xom
Yredelemnul
Zin

Shops:
D:2 :


Innate Abilities, Weirdness & Mutations

You have a pair of horns on your head.
You reflexively headbutt those who attack you in melee.


Message History

You hit the boulder beetle but do no damage.
The boulder beetle is almost dead.
You hear a shout!
The boulder beetle leaps!
You hit the ice beast but do no damage. The ice beast hits you.
* * * LOW HITPOINT WARNING * * *
The ice beast freezes you!
* * * LOW HITPOINT WARNING * * *
You feel very mighty all of a sudden.
A gnoll comes into view. It is wielding a +0 whip.
The ice beast hits you but does no damage.
You slash the ice beast! Your headbutt misses the ice beast.
The ice beast is moderately wounded.
You block the ice beast's attack.
You slash the ice beast! You headbutt the ice beast!
You kill the ice beast!
Qazlal accepts your kill.
The boulder beetle leaps!
Things that are here:
a poisoned dart; a +0 shortbow; a centaur corpse
There is a fountain of clear blue water here.
Things that are here:
a +0 club; a gnoll corpse
There is an iron altar of Okawaru here.
The boulder beetle curls into a ball and begins rolling!
Something hits you but does no damage.
Deactivating autopickup; reactivate with Ctrl-A.
Something hits you but does no damage.
You closely miss the gnoll. You closely miss something.
Something hits you but does no damage. The gnoll hits you but does no damage.
You slice the gnoll!!
You kill the gnoll!
Qazlal accepts your kill. You block something's attack.
Something hits you but does no damage.
You barely miss the boulder beetle.
You headbutt the boulder beetle, but do no damage.
The boulder beetle is severely wounded.
You slash something!
Something hits you but does no damage. x2
The boulder beetle hits you!!!
You die...

.#..#. ..#...#
#..#.#. ..#..##
.....### ##.....##
#..°....# #.# #@#
#... ##B## #..#
#.°.# ...# #.°_#
#..## ##.## #..###
#.(. .... ##.)..#
##(# ...
#.⌠⌠..###..###
##..
#_....##)....# ...
#.(###.###).###.##
##.


You could see a boulder beetle (rolling).

Vanquished Creatures
  A manticore (D:7)
  A vampire mosquito (D:7)
  An orc warrior (D:7)
  An ice beast (D:7)
  2 black bears (D:7)
  2 centaurs
  An ogre (D:5)
  6 kobold brigands
  A bullfrog (D:7)
  A gnoll sergeant (D:5)
  2 necrophages
  2 scorpions
  3 wights (D:6)
  5 hounds
  3 jellies
  An orc priest (D:3)
  A gnoll bouda (D:7)
  2 iguanas
  Natasha (thrice) (D:4)
  4 orc wizards
  12 gnolls
  10 adders
  3 river rats (Sewer)
  2 white imps (D:7)
  3 worms
  2 dart slugs
  27 orcs
  12 ball pythons
  10 endoplasms
  11 giant cockroaches
  4 hobgoblins
  5 jackals
  8 quokkas
  5 bats
  2 frilled lizards (D:2)
  6 goblins
  12 kobolds
  9 rats
186 creatures vanquished.

Notes
Turn   | Place    | Note
-------+----------+-------------------------------------------
     0 | D:1      | oldmanjim the Minotaur Fighter began the quest for the Orb.
     0 | D:1      | Reached XP level 1. HP: 19/19 MP: 0/0
   182 | D:1      | Found a faded altar of an unknown god.
   193 | D:1      | Reached XP level 2. HP: 25/27 MP: 1/1
   197 | D:1      | Prayed at the altar of an unknown god.
   197 | D:1      | Became a worshipper of Qazlal Stormbringer
   197 | D:1      | Reached * piety under Qazlal
   322 | D:1      | Reached skill level 4 in Fighting
   538 | D:2      | Reached XP level 3. HP: 33/33 MP: 2/2
   706 | D:2      | Reached ** piety under Qazlal
   811 | D:2      | Found Larimaipt's Vocational Training.
  1034 | D:2      | Reached XP level 4. HP: 40/40 MP: 3/3
  1144 | D:2      | Found a shimmering altar of Xom.
  1216 | D:2      | Reached skill level 5 in Shields
  1296 | D:3      | Reached skill level 5 in Fighting
  1296 | D:3      | Reached XP level 5. HP: 23/48 MP: 4/4
  1516 | D:3      | Reached skill level 1 in Invocations
  1565 | D:3      | Found a glowing silver altar of Zin.
  1602 | D:3      | Reached *** piety under Qazlal
  1606 | D:3      | Found a radiant altar of Vehumet.
  1849 | D:4      | Found a glowing drain.
  1874 | Sewer    | Entered a sewer
  1937 | Sewer    | Reached XP level 6. HP: 45/56 MP: 6/6
  2014 | Sewer    | Reached skill level 5 in Axes
  2130 | Sewer    | Reached skill level 6 in Fighting
  2408 | Sewer    | Reached XP level 7. HP: 41/64 MP: 8/8
  2728 | D:4      | Found a staircase to the Ecumenical Temple.
  2746 | D:4      | Noticed Natasha
  2752 | D:4      | Killed Natasha
  2760 | D:4      | Reached **** piety under Qazlal
  2860 | D:4      | Reached skill level 7 in Fighting
  2891 | D:4      | Found an iron altar of Okawaru.
  2894 | D:4      | Noticed Natasha
  2913 | D:4      | Killed Natasha
  3117 | D:4      | Noticed Natasha
  3128 | D:4      | Killed Natasha
  3445 | Temple   | Entered the Ecumenical Temple
  3654 | D:5      | Entered Level 5 of the Dungeon
  3699 | D:5      | Found a sacrificial altar of Ru.
  3733 | D:5      | Found a shimmering altar of Xom.
  3739 | D:5      | Reached XP level 8. HP: 72/73 MP: 9/9
  3823 | D:5      | Found a stormy altar of Qazlal.
  4018 | D:5      | Reached skill level 5 in Armour
  4205 | D:6      | Reached skill level 8 in Fighting
  4720 | D:6      | Found a shadowy altar of Dithmenos.
  4746 | D:6      | Found a bloodstained altar of Trog.
  4924 | D:7      | Reached skill level 9 in Fighting
  4991 | D:7      | Found a snail-covered altar of Cheibriados.
  4999 | D:7      | Reached XP level 9. HP: 83/83 MP: 10/10
  5008 | D:7      | Found an iron altar of Okawaru.
  5032 | D:7      | Noticed a manticore
  5068 | D:7      | Killed a manticore
  5072 | D:7      | Reached skill level 10 in Fighting
  5073 | D:7      | Noticed a boulder beetle
  5113 | D:7      | HP: 3/85 [ice beast (11)]
  5131 | D:7      | Annihilated by a boulder beetle

Illustrated notes

Levels and vault maps discovered:
D:1:      scummos_arrival_simple_fountains, layout_rooms,
          nicolae_ecumenical_snake_handling
D:2:      layout_basic, basic_altar, nicolae_shop_vocational
D:3:      layout_rooms, mainiacjoe_overflow_brackets, zin_statuary
D:4:      layout_basic, okawaru_gym_becter, minmay_temple_entry_statues,
          gup_sewer_entry_pipe, uniq_natasha
D:5:      layout_gridville, grunt_qazlal_clouds, nicolae_ru_awakened_eye,
          nicolae_overflow_crystal_walls
D:6:      layout_cave_pools, old_standard_altar, overflow_temple_1_default
D:7:      minmay_the_grid_octo_triangle [minmay_the_grid_octo_vomiting_pacman,
          minmay_the_grid_octo_prize_square_snowflake,
          minmay_the_grid_octo_thin_diamonds], layout_rooms,
          kennysheep_little_box, chequers_serial_rivers_micro_d, uniq_maggie
Temple:   hellmonk_temple_forest_ring

Skill      XL: |  1  2  3  4  5  6  7  8  9 |
---------------+----------------------------+-----
Shields        | 4 5 6 7 |  7.6
Fighting       | 4 5 6 7 9 10 | 10.1
Axes           | 3 4 5 6 8 9 |  9.6
Invocations    | 2 3 |  3.0
Armour         | 4 5 |  5.5

Action                   |  1- 3 |  4- 6 |  7- 9 || total
-------------------------+-------+-------+-------++-------
Melee: War axe           |    74 |   132 |   270 ||   476
       Headbutt          |     7 |    11 |    54 ||    72
 Fire: Sling             |    19 |    80 |    19 ||   118
Throw: Dart              |       |       |     6 ||     6
  Use: Scroll            |       |       |     1 ||     1
       Potion            |       |       |     1 ||     1
Armor: Scale mail        |    36 |    58 |    11 ||   105
       Plate armour      |       |       |   114 ||   114
Dodge: Dodged            |    30 |    76 |    90 ||   196
       Repelled          |       |       |     3 ||     3
Block: Buckler           |    26 |    59 |   127 ||   212
       Kite shield       |       |       |    21 ||    21

Table legend: (Time is in decaauts)
 A = Elapsed time spent in this place.
 B = Non-inter-level travel time spent in this place.
 C = Inter-level travel time spent in this place.
 D = Time resting spent in this place.
 E = Time spent auto-exploring this place.
 F = Levels seen in this place.
 G = Mean time per level.
                   A        B        C        D        E       F      G
               +--------+--------+--------+--------+--------+-----+--------+
         Total |   5446 |   5211 |    235 |     23 |   3698 |   9 |  605.1 |
       Dungeon |   4330 |   4101 |    229 |     23 |   2923 |   7 |  618.6 |
        Temple |    136 |    130 |      6 |      0 |    121 |   1 |  136.0 |
         Sewer |    978 |    978 |      0 |      0 |    654 |   1 |  978.0 |
               +--------+--------+--------+--------+--------+-----+--------+

Top non-repeatable levels by time:
     D:4: 990 daAuts
   Sewer: 978 daAuts
     D:2: 759 daAuts
     D:6: 650 daAuts
     D:5: 631 daAuts
     D:3: 555 daAuts
     D:1: 508 daAuts
     D:7: 234 daAuts
  Temple: 136 daAuts
